 Dungeon Crawl Stone Soup version 0.15-a0-1345-gc375f20 (webtiles) character file.

618 Chiseanne the Skirmisher (level 7, -3/55 HPs)
             Began as a Demonspawn Fighter on June 8, 2014.
             Was an Initiate of Gozag.
             Slain by a black bear (7 damage)
             ... on Level 4 of the Dungeon.
             The game lasted 00:16:54 (6261 turns).

Chiseanne the Skirmisher (Demonspawn Fighter)       Turns: 6261, Time: 00:16:54

HP  -3/55        AC  3     Str 17      XL: 7   Next: 21%
MP   7/7         EV 13     Int 12      God: Gozag
Gold 135         SH  9     Dex 16      Spells:  0 memorised,  6 levels left

rFire  + . .     SeeInvis .     a - +0 war axe
rCold  . . .     Clarity  .     v - +0 leather armour {rF+}
rNeg   . . .     rCorr    +     c - +0 shield
rPois  .         rRot     .     (helmet restricted)
rElec  .         Spirit   .     (no cloak)
SustAb .         Warding  .     (no gloves)
rMut   .         Stasis   .     (no boots)
Gourm  .                        k - amulet of resist corrosion
MR     .....                    x - ring "Pluxzac" {Str-1 Dex+3 Int+3}
                                g - +3 ring of evasion

@: not resistant to hostile enchantments, unstealthy
A: horns 1, demonic guardian 1, nightstalker 1
a: Potion Petition, Call Merchant, Bribe Branch, Renounce Religion


You were on level 4 of the Dungeon.
You worshipped Gozag.
Gozag was noncommittal.
You were hungry.

You visited 2 branches of the dungeon, and saw 6 of its levels.

You collected 270 gold pieces.
You paid 135 gold pieces to Gozag.

Inventory:

Hand weapons
 a - a +0,+0 war axe (weapon)
 s - a +1,+1 dagger of venom
Missiles
 A - 2 curare-tipped needles
 E - 8 tomahawks (quivered)
Armour
 c - a +0 shield (worn)
 v - a +0 leather armour of fire resistance (worn)
Magical devices
 q - a wand of enslavement (16)
Comestibles
 d - 4 bread rations
 j - 3 meat rations
 m - a beef jerky
 u - 2 fruits
Scrolls
 b - 3 scrolls of teleportation
 h - a scroll of identify
 y - 2 scrolls of remove curse
 F - a scroll of magic mapping
Jewellery
 g - a +3 ring of evasion (left hand)
 k - an amulet of resist corrosion (around neck)
 l - an uncursed ring of fire
 x - the ring "Pluxzac" (right hand) {Str-1 Dex+3 Int+3}
   (You found it on level 5 of the Dungeon)

   [ring of intelligence]

   It affects your strength (-1).
   It affects your intelligence (+3).
   It affects your dexterity (+3).
Potions
 e - a potion of might
 f - a potion of restore abilities {unknown}
 i - a potion of heal wounds
 n - a potion of paralysis {unknown}
 o - a potion of poison {unknown}
 p - 5 potions of curing {unknown}
 r - a potion of lignification {unknown}
 t - a potion of resistance {unknown}
 w - 3 potions of agility
 z - a potion of confusion {unknown}
 B - a potion of brilliance {unknown}
 C - 2 potions of haste {unknown}
 D - a potion of berserk rage {unknown}


   Skills:
 * Level 4.6 Fighting
 * Level 0.6 Short Blades
 * Level 2.8 Axes
 * Level 4.3 Armour
 * Level 3.2 Dodging
 * Level 4.0 Shields


You had 6 spell levels left.
You didn't know any spells.

Dungeon Overview and Level Annotations

Branches:
Dungeon (5/15)             Temple (1/1) D:5

Altars:
Cheibriados
Dithmenos
Gozag
Kikubaaqudgha
Okawaru
Qazlal
Trog
Vehumet
Zin
The Shining One


Innate Abilities, Weirdness & Mutations

You have a pair of small horns on your head.
A weak demonic guardian rushes to your aid.
You are slightly more attuned to the shadows.


Message History

* * * LOW HITPOINT WARNING * * *
The black bear claws you.
* * * LOW HITPOINT WARNING * * *
The black bear misses you.
Wield which item (- for none, * to show all)? (? for menu, Esc to quit)
Your +1,+1 dagger of venom stops dripping with poison.
a - a +0,+0 war axe (weapon)
You barely miss the black bear.
The black bear is severely wounded.
The black bear misses you. The black bear claws you.
* * * LOW HITPOINT WARNING * * *
You block the black bear's attack.
The black bear bites you but does no damage.
You block the black bear's attack. The black bear barely misses you.
You closely miss the black bear.
You headbutt the black bear, but do no damage.
The black bear is severely wounded.
The black bear bites you!
You die...
Your body crumbles into a pile of gold.

#...............#..
#...##..%.......#..
#..........######..
#.........## #..
#.........# ###
#.........#
##.....####
#......# #>@h...#
#...#### #####


You could see a black bear.

Vanquished Creatures
  A sky beast (D:5)
  A centaur zombie (D:5)
  A hound (D:4)
  An orc priest (D:4)
  2 iguanas
  2 orc wizards
  3 worker ants
  7 adders
  An inept feature mimic (D:4)
  9 worms
  2 giant mites
  An adder zombie (D:3)
  2 giant geckos
  3 oozes
  6 orcs
  8 bats
  8 giant cockroaches
  11 goblins
  14 hobgoblins
  5 jackals
  A quokka (D:2)
  3 giant newts
  9 kobolds
  16 rats
117 creatures vanquished.

Vanquished Creatures (collateral kills)
  A giant frog (D:5)
  An orc wizard (D:4)
2 creatures vanquished.

Vanquished Creatures (others)
  A quasit (D:5)
  3 crimson imps
  2 iron imps
  An ufetubus (D:4)
7 creatures vanquished.

Grand Total: 126 creatures vanquished

Notes
Turn   | Place    | Note
--------------------------------------------------------------
     0 | D:1      | Chiseanne, the Demonspawn Fighter, began the quest for the Orb.
     0 | D:1      | Reached XP level 1. HP: 18/18 MP: 1/1
   115 | D:1      | Gained mutation: A weak demonic guardian rushes to your aid. [demonic ancestry]
   115 | D:1      | Reached XP level 2. HP: 8/24 MP: 2/2
   566 | D:1      | Reached XP level 3. HP: 29/29 MP: 3/3
   725 | D:2      | Reached skill level 1 in Dodging
  1468 | D:2      | Gained mutation: You have a pair of small horns on your head. [demonic ancestry]
  1468 | D:2      | Reached XP level 4. HP: 6/36 MP: 4/4
  2712 | D:3      | Reached XP level 5. HP: 12/42 MP: 5/5
  2713 | D:3      | Noticed a water elemental
  2927 | D:3      | Found a glowing silver altar of Zin.
  2927 | D:3      | Found a snail-covered altar of Cheibriados.
  2927 | D:3      | Found a shadowy altar of Dithmenos.
  3137 | D:3      | Reached skill level 4 in Fighting
  3320 | D:3      | Found a stormy altar of Qazlal.
  3321 | D:3      | Noticed an air elemental
  3324 | D:3      | Noticed a fire elemental
  3807 | D:3      | Noticed a moth of wrath
  3810 | D:3      | Found a bloodstained altar of Trog.
  4184 | D:4      | Gained mutation: You are slightly more attuned to the shadows. [demonic ancestry]
  4184 | D:4      | Reached XP level 6. HP: 13/48 MP: 6/6
  4187 | D:4      | HP: 2/48 [orc wizard/puff of flame (10)]
  4836 | D:4      | Found an iron altar of Okawaru.
  5215 | D:5      | Entered Level 5 of the Dungeon
  5422 | D:5      | Found a staircase to the Ecumenical Temple.
  5431 | Temple   | Entered the Ecumenical Temple
  5437 | Temple   | Became a worshipper of Gozag Ym Sagoz the Greedy
  5733 | D:5      | Reached XP level 7. HP: 37/55 MP: 7/7
  5832 | D:5      | Got a scintillating steel ring
  5833 | D:5      | Identified the ring "Pluxzac" {Str-1 Dex+3 Int+3} (You found it on level 5 of the Dungeon)
  5880 | D:5      | HP: 1/55 [troll skeleton (9)]
  6261 | D:4      | Slain by a black bear

Action                   |  1- 3 |  4- 6 |  7- 9 || total
-------------------------+-------+-------+-------++-------
Melee: War axe           |   154 |   201 |     6 ||   361
       Dagger            |       |    90 |    12 ||   102
Evoke: Wand              |       |     1 |       ||     1
  Use: Potion            |     1 |       |       ||     1
       Scroll            |       |     9 |     2 ||    11
 Stab: Sleeping          |       |     1 |       ||     1
